 Dungeon Crawl Stone Soup version 0.17-a0-2118-g63bad21 (webtiles) character file.

1243 Duffy the Skirmisher (level 8, -1/67 HPs)
             Began as a Formicid Earth Elementalist on Oct 20, 2015.
             Killed from afar by emiel's ghost (20 damage)
             ... with a stone arrow
             ... on level 6 of the Dungeon.
             The game lasted 00:13:27 (8746 turns).

Duffy the Skirmisher (Formicid Earth Elementalist)  Turns: 8746, Time: 00:13:27

Health: -1/67      AC:  7    Str: 12    XL:     8   Next: 79%
Magic:  0/11       EV: 14    Int: 16    God:
Gold:   229        SH:  0    Dex: 13    Spells: 3 memorised, 5 levels left

rFire  . . .     SeeInvis +     a - 66 stones
rCold  . . .     Clarity  .     y - +1 robe {MR+}
rNeg   . . .     SustAt   .     (no shield)
rPois  .         Gourm    .     (helmet unavailable)
rElec  .         Spirit   .     (no cloak)
rCorr  .         Warding  .     N - +0 pair of gloves
rMut   .         Stasis   +     t - +2 pair of boots
MR     +....                    (no amulet)
Stlth  ++........               (no ring)
                                i - ring of invisibility

@: drained, somewhat resistant to hostile enchantments, unstealthy
A: permanent stasis, dig shafts and tunnels, four strong arms, antennae 3
a: Dig, Shaft Self, Evoke Invisibility


You were on level 6 of the Dungeon.
You were not hungry.

You visited 2 branches of the dungeon, and saw 7 of its levels.

You collected 229 gold pieces.


Innate Abilities, Weirdness & Mutations

You are under a permanent stasis effect.
You can dig through walls and to a lower floor.
Your four strong arms can wield two-handed weapons with a shield.
You have a pair of large antennae on your head (SInv).


   Skills:
 + Level 7.4(6.3) Fighting
 + Level 5.9(4.8) Dodging
 - Level 2.4(1.4) Stealth
 - Level 2.5(1.5) Spellcasting
 - Level 1.2(0.2) Transmutations
 - Level 5.2(4.1) Earth Magic


You had 5 spell levels left.
You knew the following spells:

 Your Spells              Type           Power        Failure   Level  Hunger
a - Sandblast             Erth           ##....       4%          1    ##.....
c - Stone Arrow           Conj/Erth      #.....       34%         3    ####...
p - Passwall              Trmt/Erth      #.........   28%         3    ####...

Inventory:

Hand Weapons
 E - a +0 flail
Missiles
 a - 66 stones (in hand)
 m - 59 poisoned needles
 r - 9 bolts
 v - 111 arrows
 A - 2 curare-tipped needles
 J - 8 javelins (quivered)
Armour
 b - a +0 robe
 e - a +0 ring mail
 s - a +0 plate armour
 t - a +2 pair of boots (worn)
 y - a +1 robe of magic resistance (worn)
 N - a +0 pair of gloves (worn)
Jewellery
 i - a ring of invisibility (left hand)
Wands
 p - a wand of confusion (15)
 L - a wand of fire (10)
 Q - a wand of random effects (24)
Scrolls
 h - a scroll of blinking {unknown}
 k - 2 scrolls of teleportation {unknown}
 n - 4 scrolls of remove curse
 u - 2 scrolls of enchant armour
 w - 2 scrolls of magic mapping {unknown}
 B - 2 scrolls of amnesia {unknown}
 C - a scroll of noise {unknown}
 H - a scroll of fog {unknown}
 O - a scroll of enchant weapon {unknown}
Potions
 f - 5 potions of curing
 j - 4 potions of might
 l - 3 potions of agility
 q - a potion of mutation {unknown}
 x - 3 potions of lignification
 z - 2 potions of resistance
 D - 2 potions of invisibility {unknown}
 F - a potion of magic {unknown}
 G - 2 potions of heal wounds {unknown}
 I - 3 potions of degeneration
 K - 2 potions of haste {unknown}
 M - a potion of cure mutation {unknown}
Books
 c - a book of Geomancy
 R - a book of Burglary
Comestibles
 d - 6 bread rations
 g - 2 beef jerkies
 o - 2 royal jellies
 P - a meat ration

Dungeon Overview and Level Annotations

Branches:
Dungeon (6/15)             Temple (1/1) D:6

Altars:
Ashenzari
Dithmenos
Elyvilon
Fedhas
Gozag
Kikubaaqudgha
Makhleb
Nemelex Xobeh
Okawaru
Qazlal
Ru
Trog
Vehumet
Xom
Yredelemnul
Zin
The Shining One

Annotations:
D:6 emiel's ghost, novice DsEE


Message History

You don't have enough magic to cast that spell.
Casting: Sandblast
Confirm with . or Enter, or press ? or * to list all spells.
You don't have enough magic to cast that spell.
Casting: Sandblast
Confirm with . or Enter, or press ? or * to list all spells.
You don't have enough magic to cast that spell.
Casting: Sandblast
Confirm with . or Enter, or press ? or * to list all spells.
You don't have enough magic to cast that spell.
Casting: Sandblast
Confirm with . or Enter, or press ? or * to list all spells.
You don't have enough magic to cast that spell.
Casting: Sandblast
Confirm with . or Enter, or press ? or * to list all spells.
You don't have enough magic to cast that spell.
Casting: Sandblast
Confirm with . or Enter, or press ? or * to list all spells.
You don't have enough magic to cast that spell.
Casting: Sandblast
Confirm with . or Enter, or press ? or * to list all spells.
You don't have enough magic to cast that spell.
Emiel's ghost casts a spell at you. The stone arrow hits you!
Emiel's ghost casts a spell at you. The stone arrow misses you.
Casting: Sandblast
Confirm with . or Enter, or press ? or * to list all spells.
Aiming: Sandblast
Press: ? - help, Shift-Dir - straight line, f/p - emiel's ghost
Aim: emiel's ghost, wielding a weapon of draining The rocky blast misses emiel's ghost.
Emiel's ghost casts a spell at you. The stone arrow hits you!
You die...

..#.###.# #....## ##.......##
...<###.####.#...####.........#
..............................+
.....##.#.....................#
..##.##.#.##.##..###.#.......##
.....##.#.##.###.# #.##.....##
..#####.#.##.###.# #.###...##
........#.##.....# #.# ##+##
#.#######.##.###@# #.# # #.#
#.##.###.###.# .# #.#
#............# #.## #.#
########W##### #...# #.#
#.........##..... #.#
#.###.###.#.....# ..#
#...........# ### #####.#.....
#.# ...


You could see emiel's ghost.

Action                   |  1- 3 |  4- 6 |  7- 9 || total
-------------------------+-------+-------+-------++-------
Throw: Javelin           |       |       |     2 ||     2
 Cast: Sandblast         |    67 |   197 |   128 ||   392
 Abil: Dig               |     1 |     2 |     3 ||     6
  Use: Scroll            |       |       |     8 ||     8
  Eat: Chunk             |     4 |    15 |     7 ||    26
       Pizza             |       |       |     2 ||     2

Notes
Turn   | Place    | Note
--------------------------------------------------------------
     0 | D:1      | Duffy the Formicid Earth Elementalist began the quest for the Orb.
     0 | D:1      | Reached XP level 1. HP: 13/13 MP: 3/3
   543 | D:1      | Reached XP level 2. HP: 19/19 MP: 1/5
   759 | D:1      | Reached skill level 4 in Earth Magic
  1364 | D:2      | Reached skill level 1 in Fighting
  1551 | D:2      | Reached XP level 3. HP: 26/26 MP: 1/6
  1867 | D:2      | Reached skill level 2 in Fighting
  1907 | D:2      | Reached XP level 4. HP: 27/34 MP: 1/7
  2928 | D:1      | Reached skill level 5 in Earth Magic
  3086 | D:2      | Reached XP level 5. HP: 40/40 MP: 6/8
  3365 | D:2      | Learned a level 3 spell: Stone Arrow
  3369 | D:2      | Learned a level 3 spell: Passwall
  3642 | D:2      | Found a glowing silver altar of Zin.
  3922 | D:3      | Noticed Jessica
  3927 | D:3      | Killed Jessica
  3927 | D:3      | Reached skill level 3 in Fighting
  3927 | D:3      | Reached skill level 2 in Dodging
  4043 | D:3      | Found a shimmering altar of Xom.
  4292 | D:4      | Noticed an ogre
  4297 | D:4      | Killed an ogre
  4297 | D:4      | Reached skill level 4 in Fighting
  4297 | D:4      | Reached XP level 6. HP: 27/48 MP: 5/9
  4582 | D:4      | Reached skill level 3 in Dodging
  5992 | D:3      | Found a sacrificial altar of Ru.
  5992 | D:3      | Found a white marble altar of Elyvilon.
  6088 | D:3      | Reached XP level 7. HP: 53/55 MP: 6/10
  6455 | D:5      | Entered Level 5 of the Dungeon
  6509 | D:5      | Reached skill level 5 in Fighting
  6673 | D:5      | Reached skill level 4 in Dodging
  7345 | D:5      | Reached XP level 8. HP: 56/64 MP: 3/11
  7470 | D:5      | Reached skill level 6 in Fighting
  7762 | D:6      | Reached skill level 5 in Dodging
  7906 | D:6      | Noticed Duvessa
  7907 | D:6      | Noticed Dowan
  7922 | D:6      | Killed Duvessa
  7928 | D:6      | Killed Dowan
  7928 | D:6      | Reached skill level 7 in Fighting
  7976 | D:6      | Noticed emiel's ghost (novice DsEE)
  8582 | D:6      | Found a staircase to the Ecumenical Temple.
  8588 | Temple   | Entered the Ecumenical Temple
  8746 | D:6      | Killed from afar by emiel's ghost

Vault maps used:
D:1:      minmay_arrival_arboretum_small, grunt_decor_cap
D:2:      overflow_temple_1_default, st_stairs_9, minmay_goblin_kobold_house
D:3:      nicolae_overflow_hidden_temple, gammafunk_temple_overflow_elements,
          hangedman_decor_clover_reticule, uniq_jessica
D:4:      first_bread
D:6:      temple_green, uniq_duvessa
Temple:   circular_temple_13

Vanquished Creatures
  Duvessa
  3 ogres
  A necrophage
  A centaur
  A phantom Dowan
  A giant frog
  2 scorpions
  A wasp zombie
  A hound
  A jelly
  An orc wizard
  A giant frog zombie Jessica
  3 gnolls
  9 adders
  2 shadow imps
  3 oozes
  An adder skeleton
  4 worms
  5 giant geckos
  6 orcs
  A ball python
  15 bats
  5 giant cockroaches
  7 hobgoblins
  4 jackals
  7 kobolds
  3 quokkas
  A ball python skeleton
  A giant gecko skeleton
  4 giant newts
  18 goblins
  7 rats
123 creatures vanquished.
